 Dungeon Crawl Stone Soup version 0.32-a0-42-ga30500b (webtiles) character file.

Game seed: 16888412257390221484

789 Dorkslayer the Ruffian (level 7, -8/45 HPs)
             Began as an Octopode Shapeshifter on Jan 27, 2024.
             Mangled by an ogre
             ... wielding a +0 giant club
              (10 damage)
             ... on level 5 of the Dungeon.
             The game lasted 00:07:15 (3828 turns).

Dorkslayer the Ruffian (Octopode Shapeshifter)      Turns: 3828, Time: 00:07:17

Health: -8/45      AC:  1    Str: 21    XL:     7   Next: 87%
Magic:  7/7        EV: 13    Int: 13    God:
Gold:   251        SH:  0    Dex: 11    Spells: 6/6 levels left

rFire   . . .        r - +3 war axe (heavy)
rCold   . . .        (no shield)
rNeg    . . .        (helmet currently unavailable)
rPois   .            (no amulet)
rElec   .            k - ring of flight
rCorr   .            d - ring of willpower
SInv    .            g - +6 ring of strength
Will    +....        (no ring)
Stlth   +++          (no ring)
HPRegen 0.27/turn    (no ring)
MPRegen 0.10/turn    (no ring)
                     (no ring)

%: no passive effects
@: beast-form, flying
A: beast (slay +2), almost no armour, amphibious, 8 rings, camouflage 1,
gelatinous body 1, (nimble swimmer 1), tentacles
a: Begin Untransformation


You were on level 5 of the Dungeon.
You were a hulking beast.
You visited 1 branch of the dungeon, and saw 5 of its levels.

You collected 251 gold pieces.

Inventory:

Hand Weapons
 e - a +0 flail
 i - a +0 mace
 r - a +3 heavy war axe (weapon)
Jewellery
 d - a ring of willpower (right tentacle)
 g - a +6 ring of strength (on tentacle)
 k - a ring of flight (left tentacle)
Talismans
 b - a beast talisman
 c - a flux talisman
 p - a serpent talisman
Scrolls
 f - 2 scrolls of fear {unknown}
 j - a scroll of blinking
 n - a scroll of teleportation {unknown}
 q - a scroll of poison {unknown}
Potions
 a - 3 potions of lignification
 h - a potion of resistance
 l - a potion of attraction {unknown}
 m - a potion of curing {unknown}
 o - a potion of enlightenment {unknown}


   Skills:
 * Level 2.2 Fighting
 * Level 1.3 Axes
 * Level 3.3 Dodging
 + Level 4.4 Stealth
 + Level 6.8 Unarmed Combat
 * Level 4.0 Shapeshifting


You had 6 spell levels left.
You didn't know any spells.
Your spell library contained the following spells:

 Spells                   Type           Power      Damage    Failure   Level
 Shock                    Conj/Air       0%         1d3       30%         1
 Swiftness                Air            0%         N/A       67%         3
 Tukima's Dance           Hex            0%         N/A       67%         3
 Airstrike                Air            0%         2d(0-16)  97%         4
 Passage of Golubria      Tloc           0%         N/A       97%         4
 Yara's Violent Unravell  Hex/Alch       0%         3d3       100%        5


Dungeon Overview and Level Annotations

Branches:
Dungeon (5/15)
 Temple: D:4-7

Altars:
Cheibriados


Innate Abilities, Weirdness & Mutations

You are a hulking beast.
Your limbs bulge with bestial killing power. (Slay +2)
You cannot wear most types of armour.
You are amphibious.
You can wear up to eight rings at the same time.
Your skin changes colour to match your surroundings (Stealth+).
Your rubbery body absorbs attacks. (AC +1, EV +1)
((You are camouflaged when in or above water. (Stealth+)))
You have tentacles for arms and can constrict up to eight enemies at once.


Message History

The orc shouts! x2
An orc comes into view. It is wielding a +0 dagger.
Found 14 gold pieces.
The orc shouts!
An iguana comes into view.
The iguana hisses angrily.
The orc shouts!
You barely miss the orc wizard. Your grab misses the orc wizard.
Your tentacle-slap misses the orc wizard.
The orc wizard completely misses you.
You barely miss the orc. You grab the orc. You squeeze the orc!
You kill the orc!
You slash the orc wizard! The orc hits you but does no damage.
The orc wizard hits you with a +3 dagger.
The orc wizard barely misses you.
The orc wizard points at you and mumbles some strange words.
The puff of flame hits you! The orc hits you with a +0 dagger.
Things that are here:
a +2 morningstar of protection; a +0 leather armour You hit the orc but do no damage.
Your grab misses the orc. You closely miss the orc wizard.
The orc hits you with a +0 dagger. The orc wizard casts a spell at you.
The magic dart hits you! The orc hits you with a +0 dagger.
The orc wizard hits you with a +3 dagger.
You slash the orc!
You kill the orc!
You closely miss the orc wizard.
The orc wizard hits you with a +3 dagger.
The ogre closely misses you.
The orc wizard hits you with a +3 dagger!
* * * LOW HITPOINT WARNING * * *
The orc closely misses you.
Okay, then.
You slice the ogre!!
The ogre is severely wounded.
You hit the orc wizard.
You kill the orc wizard!
The orc hits you from afar with a +0 trident.
* * * LOW HITPOINT WARNING * * *
The ogre hits you with a +0 giant club!
You die... #.# >.# ...... ..# ##$.... .# #..... #.... #o.. #lo

#O# #h####### #.#
#.)...... #.# #..##....
#.# #######........ #.#
.........##.... #.#
#######..# ... #.# #..#
## #.# #..#
#.#############..######


You could see an ogre, an iguana and 2 orcs.

Vanquished Creatures
  A centaur (D:5)
  A phantom (D:5)
  A bullfrog (D:4)
  2 scorpions (D:4)
  3 bombardier beetles
  A jelly (D:4)
  3 orc priests (D:3)
  A sleepcap (D:5)
  3 iguanas
  2 orc wizards
  3 adders
  2 ufetubi (D:4)
  2 dart slugs
  9 orcs
  10 bats
  5 endoplasms
  A giant cockroach (D:2)
  4 goblins
  10 hobgoblins
  2 jackals (D:3)
  3 quokkas
  9 ball pythons
  7 frilled lizards
  8 kobolds
  8 rats
101 creatures vanquished.

Notes
Turn   | Place    | Note
-------+----------+-------------------------------------------
     0 | D:1      | Dorkslayer the Octopode Shapeshifter began the quest for
                  | the Orb.
     0 | D:1      | Reached XP level 1. HP: 13/13 MP: 1/1
   132 | D:1      | Reached XP level 2. HP: 18/18 MP: 2/2
   446 | D:1      | Reached XP level 3. HP: 21/23 MP: 3/3
   677 | D:2      | Reached skill level 1 in Stealth
  1506 | D:3      | Reached XP level 4. HP: 28/28 MP: 4/4
  1558 | D:3      | Reached skill level 4 in Unarmed Combat
  1713 | D:3      | Reached XP level 5. HP: 18/33 MP: 5/5
  1800 | D:3      | Reached skill level 5 in Unarmed Combat
  1802 | D:3      | Reached XP level 6. HP: 14/38 MP: 6/6
  2802 | D:4      | Found a snail-covered altar of Cheibriados.
  2832 | D:4      | Reached skill level 6 in Unarmed Combat
  2832 | D:4      | Reached XP level 7. HP: 38/44 MP: 7/7
  3369 | D:5      | Entered Level 5 of the Dungeon
  3679 | D:5      | Reached skill level 1 in Axes
  3828 | D:5      | HP: 2/45 [orc/+0 trident (4)]
  3828 | D:5      | Mangled by an ogre

Illustrated notes

Levels and vault maps discovered:
D:1:      dpeg_arrival_tiny_i, layout_basic
D:2:      layout_basic, minmay_gold_behind_fungi
D:3:      layout_loops_ring, corexii_hall_statues_l
D:4:      layout_basic, mainiacjoe_overflow_24_doors,
          nicolae_concentric_dashed_squares_mild, roderic_lattice_a,
          chequers_avenue
D:5:      layout_loops_ring

Skill      XL: |  1  2  3  4  5  6  7 |
---------------+----------------------+-----
Stealth        | 1 2 3 4 |  4.4
Unarmed Combat | 4 5 6 |  6.8
Dodging        | 3 |  3.3
Fighting       | 2 |  2.2
Axes           | 1 |  1.3
Shapeshifting  | 4 |  4.0

Action                     |  1- 3 |  4- 6 |  7- 9 || total
---------------------------+-------+-------+-------++-------
  Melee: Unarmed           |    87 |    64 |    15 ||   166
         Constrict         |    18 |    18 |     8 ||    44
         Tentacles         |    10 |     9 |     7 ||    26
         Punch             |     4 |     2 |     1 ||     7
         War axe           |       |       |    21 ||    21
    Use: Scroll            |     5 |       |     2 ||     7
         Potion            |       |       |     1 ||     1
   Stab: Sleeping          |    11 |     2 |     4 ||    17
 Armour: Skin              |    31 |    24 |    37 ||    92
  Dodge: Dodged            |    43 |    19 |    22 ||    84

Table legend: (Time is in decaauts)
 A = Elapsed time spent in this place.
 B = Non-inter-level travel time spent in this place.
 C = Inter-level travel time spent in this place.
 D = Time resting spent in this place.
 E = Time spent auto-exploring this place.
 F = Levels seen in this place.
 G = Mean time per level.
                   A        B        C        D        E       F      G
               +--------+--------+--------+--------+--------+-----+--------+
         Total |   3837 |   3837 |      0 |      0 |   2304 |   5 |  767.4 |
       Dungeon |   3837 |   3837 |      0 |      0 |   2304 |   5 |  767.4 |
               +--------+--------+--------+--------+--------+-----+--------+

Top non-repeatable levels by time:
     D:4: 1151 daAuts
     D:3: 936 daAuts
     D:1: 665 daAuts
     D:2: 604 daAuts
     D:5: 479 daAuts
